cohdb
Replays
Latest Replays
All Replays
Popular Replays
Top Player Replays
Match Explorer
How It Works
Community
CoH3 Stats
Reddit
Sign in to upload your games and track your stats! →
Sign in with Steam
Match 20313550
Unlisted
Match 20313550
Overview
Messages
Build Orders
End
Pioneer Squad
Selects Italian Coastal Battlegroup
Selects Coastal Reserves
Coastal Reserve
Coastal Reserve
Construct Infanterie Kompanie
MG 42 Machine Gun Team
Construct Luftwaffe Kompanie
Jäger Squad
Support Elements
Selects Designate Defensive Line
Wirbelwind Flakpanzer
Designate Defensive Line
Jäger Squad
Pioneer Squad
Marder III M Tank Destroyer
Luftwaffe Officer Quarters
F3riG
*Mule
Frost
Walther
0
0
Comments
sign in to comment!
No comments posted yet!